 Dungeon Crawl Stone Soup version 0.25-a0-565-g8875c97ebb (webtiles) character file.

Game seed: 12943965298789073839, levelgen mode: deterministic

3390 Flugslaktarn the Cleaver (level 9, 0/88 HPs)
             Began as a Deep Dwarf Fighter on Feb 26, 2020.
             Was an Elder of Makhleb.
             Slain by a komodo dragon (13 damage)
             ... on level 8 of the Dungeon.
             The game lasted 00:03:44 (4893 turns).

Flugslaktarn the Cleaver (Deep Dwarf Fighter)       Turns: 4893, Time: 00:03:45

Health: 0/88       AC: 17    Str: 23    XL:     9   Next: 74%
Magic:  12/12      EV:  4    Int:  9    God:    Makhleb [****..]
Gold:   287        SH:  9    Dex: 12    Spells: 8/8 levels left

rFire    . . .     SeeInvis .   a - +1 war axe
rCold    . . .     Gourm    .   c - +0 kite shield
rNeg     . . .     Faith    .   f - +0 plate armour
rPois    +         Spirit   .   k - +0 helmet
rElec    .         Reflect  .   F - +2 cloak {rPois}
rCorr    .         Harm     .   D - +0 pair of gloves
MR       +....                  m - +1 pair of boots
Stlth    ..........             (no amulet)
HPRegen  0.00/turn              (no ring)
MPRegen  0.13/turn              (no ring)

@: corroded, non-regenerating
A: damage resistance, heal wounds, sense surroundings 2, no regeneration
a: Heal Wounds, Minor Destruction, Lesser Servant of Makhleb, Major Destruction,
Renounce Religion


You were on level 8 of the Dungeon.
You worshipped Makhleb.
Makhleb was greatly pleased with you.
You were not hungry.

You visited 2 branches of the dungeon, and saw 9 of its levels.
You also visited: Sewer and Ossuary.

You collected 287 gold pieces.

Inventory:

Hand Weapons
 a - a +1 war axe (weapon)
 C - a +0 battleaxe
   (You took it off an orc warrior on level 7 of the Dungeon)
Armour
 c - a +0 kite shield (worn)
 f - a +0 plate armour (worn)
   (You found it on level 4 of the Dungeon)
 k - a +0 helmet (worn)
   (You found it on level 6 of the Dungeon)
 m - a +1 pair of boots (worn)
   (You found it on level 6 of the Dungeon)
 D - a +0 pair of gloves (worn)
   (You found it on level 8 of the Dungeon)
 F - a +2 cloak of poison resistance (worn)
   (You found it on level 8 of the Dungeon)
Jewellery
 g - an uncursed amulet of harm {unknown}
   (You found it on level 7 of the Dungeon)
 B - a cursed ring of attention {unknown}
   (You found it on level 7 of the Dungeon)
 E - an uncursed amulet of faith {unknown}
   (You found it on level 8 of the Dungeon)
Scrolls
 b - 2 scrolls of fog
 j - a scroll of immolation
 r - a scroll of identify
 t - 9 scrolls of teleportation
 u - a scroll of enchant weapon
 w - a scroll of remove curse
 y - a scroll of enchant armour
Potions
 d - 4 potions of might
 h - 2 potions of haste
 i - 6 potions of flight
 l - 2 potions of invisibility {unknown}
 n - 2 potions of brilliance
 o - 3 potions of degeneration {unknown}
 p - a potion of ambrosia {unknown}
 q - 3 potions of curing
 v - a potion of resistance {unknown}
 x - a potion of stabbing {unknown}
 z - a potion of heal wounds {unknown}
 A - 2 potions of lignification {unknown}
Comestibles
 e - 18 rations


   Skills:
 * Level 8.0 Fighting
 * Level 9.2 Axes
 + Level 7.0 Armour
 - Level 3.2 Shields
 + Level 6.8 Invocations


You had 8 spell levels left.
You didn't know any spells.
Your spell library was empty.

Dungeon Overview and Level Annotations

Branches:
Dungeon (8/15)             Temple (1/1) D:4           Sewer (visited)
Ossuary (visited)
   Lair: D:8-11

Altars:
Ashenzari
Cheibriados
Elyvilon
Fedhas
Gozag
Hepliaklqana
Kikubaaqudgha
Makhleb
Nemelex Xobeh
Okawaru
Qazlal
Ru
Sif Muna
Uskayaw
Vehumet
Wu Jian
Xom
Yredelemnul
Zin
The Shining One

Shops:
D:4 [


Innate Abilities, Weirdness & Mutations

You are resistant to damage.
You can heal yourself by infusing magical energy.
You passively map the area around you.
You do not regenerate.


Message History

The acid dragon spits acid at you. The splash of acid hits you.
The acid corrodes you!
You are splashed with acid!
The komodo dragon bites you!
You hit the acid dragon but do no damage.
The acid dragon is severely wounded.
You closely miss the komodo dragon. The acid dragon barely misses you.
The acid dragon claws you but does no damage.
The komodo dragon barely misses you.
You closely miss the acid dragon.
The acid dragon is severely wounded.
You slash the komodo dragon!
The acid dragon bites you but does no damage.
The acid dragon claws you but does no damage.
The komodo dragon bites you!!
* * * LOW HITPOINT WARNING * * *
You are too injured to fight recklessly!
You are too injured to fight recklessly!
You are too injured to fight recklessly!
You block the acid dragon's attack. x2; The komodo dragon bites you!
You die...

#. * ## * # # # *, #
..####. ,, ##### #
......# ####(..#######
......##### ###
###...###....)..
....).(...####.###..####
##.#####
#.)#).......###D@..##
### # #.#.##.....otl..##
###..####.#.##### ###*
#####


You could see a komodo dragon, a crocodile, an acid dragon and an orc.

Vanquished Creatures
  A hippogriff (D:8)
  Eustachio (D:5)
  A basilisk (D:8)
  Purgy (Sewer)
  2 orc warriors
  3 ice beasts
  A phantom (D:6)
  An ogre (D:6)
  A centaur (D:7)
  3 big kobolds (D:8)
  Blork the orc (D:4)
  A wyvern zombie (Ossuary)
  4 bullfrogs
  2 scorpions
  3 killer bees (D:8)
  A howler monkey (D:4)
  7 crimson imps
  3 centaur zombies (Ossuary)
  A jelly (D:5)
  2 hounds
  An orc priest (D:7)
  A bullfrog zombie (D:5)
  A bullfrog skeleton (D:4)
  5 orc wizards
  An iguana (D:5)
  5 worker ants
  A killer bee zombie (Ossuary)
  2 hound zombies (Ossuary)
  10 mummies (Ossuary)
  A howler monkey zombie (Ossuary)
  A worker ant zombie (Ossuary)
  4 gnolls (D:5)
  5 adders
  A shadow imp (D:5)
  An adder skeleton (D:7)
  4 adder zombies
  2 worms
  26 orcs
  2 bats
  7 giant cockroaches
  2 goblins
  A hobgoblin (D:3)
  3 jackals (D:5)
  18 kobolds
  2 quokkas
  5 ball pythons
  3 frilled lizards
  A jackal zombie (D:7)
  A leopard gecko zombie (Ossuary)
  A quokka zombie (D:7)
  3 rats
161 creatures vanquished.

Vanquished Creatures (others)
  A withered plant (Ossuary)
1 creature vanquished.

Grand Total: 162 creatures vanquished

Notes
Turn   | Place    | Note
-------+----------+-------------------------------------------
     0 | D:1      | Flugslaktarn the Deep Dwarf Fighter began the quest for the
                  | Orb.
     0 | D:1      | Reached XP level 1. HP: 20/20 MP: 1/1
   247 | D:2      | Reached XP level 2. HP: 22/27 MP: 2/2
   268 | D:2      | Found a basalt altar of Yredelemnul.
   450 | D:3      | Reached skill level 3 in Axes
   450 | D:3      | Reached XP level 3. HP: 24/34 MP: 3/3
   673 | D:4      | Found Tikh's Armour Emporium.
   710 | D:4      | Reached XP level 4. HP: 33/43 MP: 3/3
   744 | D:4      | Found a staircase to the Ecumenical Temple.
   750 | Temple   | Entered the Ecumenical Temple
   830 | Temple   | Became a worshipper of Makhleb the Destroyer
   902 | D:4      | Reached skill level 4 in Axes
   902 | D:4      | Reached skill level 1 in Invocations
   902 | D:4      | Reached XP level 5. HP: 38/50 MP: 4/4
  1053 | D:4      | Noticed Blork the orc
  1069 | D:4      | Killed Blork the orc
  1407 | D:5      | Entered Level 5 of the Dungeon
  1413 | D:5      | Reached XP level 6. HP: 40/57 MP: 6/6
  1435 | D:5      | Noticed Eustachio
  1493 | D:5      | Killed Eustachio
  1493 | D:5      | Reached skill level 5 in Axes
  1669 | D:5      | Reached * piety under Makhleb
  1688 | D:5      | Reached XP level 7. HP: 29/66 MP: 8/8
  1723 | D:5      | Reached skill level 5 in Fighting
  2041 | D:5      | Reached skill level 5 in Armour
  2224 | D:5      | Reached skill level 6 in Axes
  2517 | D:6      | Reached XP level 8. HP: 53/75 MP: 8/10
  2903 | D:6      | Reached ** piety under Makhleb
  2991 | D:6      | Reached skill level 7 in Axes
  3030 | D:6      | Found a glowing drain.
  3046 | Sewer    | Entered a sewer
  3097 | Sewer    | Noticed Purgy
  3113 | Sewer    | Killed Purgy
  3269 | D:6      | Found an opulent altar of Gozag.
  3276 | D:6      | Found a snail-covered altar of Cheibriados.
  3367 | D:7      | Found a sand-covered staircase.
  3385 | Ossuary  | Entered an ossuary
  3406 | Ossuary  | Reached skill level 5 in Invocations
  3746 | D:7      | Reached *** piety under Makhleb
  3769 | D:7      | Gained mutation: You passively map the area around you.
                  | [Deep Dwarf growth]
  3769 | D:7      | Reached XP level 9. HP: 71/85 MP: 12/12
  3771 | D:7      | Reached skill level 8 in Axes
  4140 | D:7      | Found a shimmering altar of Xom.
  4448 | D:8      | Reached **** piety under Makhleb
  4466 | D:8      | Found a stormy altar of Qazlal.
  4727 | D:8      | Found a shimmering blue altar of Sif Muna.
  4813 | D:8      | Reached skill level 9 in Axes
  4849 | D:8      | Noticed a komodo dragon
  4893 | D:8      | Slain by a komodo dragon

Levels and vault maps discovered:
D:1:      lemuel_arrival_room, layout_basic
D:2:      layout_loops_ring, bloody_trog, lemuel_coloured_pillars_altar,
          first_ration
D:3:      layout_loops_ring, nicolae_dithmenos_through_a_glass_darkly
D:4:      layout_basic, minmay_temple_entry_hall, serial_shops, kennysheep_mini,
          uniq_blork_the_orc
D:5:      layout_cave_pods, uniq_eustachio
D:6:      layout_basic, amethyst_overflow_temple_binary, portal_sewer_entry_d,
          grunt_ministairs_12
D:7:      layout_gridville, tgw_xom, nicolae_ossuary_entry_monument,
          minmay_unpleasant_kobolds
D:8:      layout_basic, tgw_sif, nicolae_overflow_crystal_walls,
          erik_lair_dragon, basic_altar, blue_anna_alchemist
          [blue_anna_fruit_fields, blue_anna_fruit_fields]
Temple:   nicolae_temple_great_sept

Skill      XL: |  1  2  3  4  5  6  7  8  9 |
---------------+----------------------------+-----
Fighting       | 3 4 5 6 8 |  8.0
Axes           | 3 4 5 6 7 9 |  9.2
Armour         | 4 5 6 7 |  7.0
Invocations    | 1 2 4 5 6 |  6.8
Shields        | |  3.2

Action                   |  1- 3 |  4- 6 |  7- 9 || total
-------------------------+-------+-------+-------++-------
Melee: War axe           |    97 |   145 |   548 ||   790
 Abil: Heal Wounds       |     2 |     5 |    17 ||    24
  Use: Scroll            |       |       |    12 ||    12
  Eat: Chunk             |       |     3 |    12 ||    15
Armor: Scale mail        |    35 |    23 |       ||    58
       Plate armour      |       |   132 |   380 ||   512
Dodge: Dodged            |    31 |    43 |    85 ||   159
Block: Kite shield       |    42 |   125 |   297 ||   464

Table legend:
 A = Non-vault XP
 B = Vault XP
 C = Vault XP percentage of total XP
 D = Non-vault monster count
 E = Vault monster count
 F = Vault count percentage of total count
                 A         B        C        D         E       F
            +---------+---------+-------+---------+---------+-------
      Total |    3444 |    1399 |  28.9 |     117 |      44 |  27.3
            +---------+---------+-------+---------+---------+-------
        D:1 |      10 |       0 |   0.0 |       6 |       0 |   0.0
        D:2 |       4 |       0 |   0.0 |       4 |       0 |   0.0
        D:3 |      76 |       0 |   0.0 |      15 |       0 |   0.0
        D:4 |     192 |      96 |  33.3 |       9 |       1 |  10.0
        D:5 |     652 |     202 |  23.7 |      25 |       1 |   3.8
        D:6 |     712 |      46 |   6.1 |      16 |       2 |  11.1
        D:7 |     579 |      23 |   3.8 |      12 |      10 |  45.5
        D:8 |    1219 |     289 |  19.2 |      30 |       2 |   6.2
      Sewer |       0 |     144 | 100.0 |       0 |       6 | 100.0
    Ossuary |       0 |     599 | 100.0 |       0 |      22 | 100.0
            +---------+---------+-------+---------+---------+-------
